Unix NetHack Version 3.7.0-97 Work-in-progress - last build Feb 8 2024 15:05:57 (6d6cdf8371b60126770a3d7b88910941cb14a054,branch:master). Game began 2024-02-29 19:25:05, ended 2024-03-02 13:26:49. spontiff, neutral male gnomish Healer -------------------------- |..Y...s@...............>| |.----------------.......| |.| ------.------- |.| |...........| |.| |...).......| |.| |----.-------- |"| |....[.......| |.| |............| |%|------ --------.----- |.|.$$$$|-- |.0.0......| |.|$$$..-.| |..........| |.|.$$$.|-| --.........| |.-.$$$$+.| ----.------- --|.$$$$|-| |........| |)$$$$+.| |........| |.$$$$|-- ------...| ------- ----- Spontiff the Empiric St:18 Dx:7 Co:17 In:11 Wi:16 Ch:15 Neutral S:552 Dlvl:3 $:0 HP:0(65) Pw:24(28) AC:-8 Xp:3/46 T:20214 Hungry Latest messages: In what direction? b Status of the owlbear (neutral, large): Level 6 HP 22(34) AC 5. You hit the owlbear. The owlbear hits! The owlbear hits again! The owlbear grabs you! What do you want to use or apply? [cfjkostwxzT or ?*] s In what direction? b Status of the owlbear (neutral, large): Level 6 HP 18(34) AC 5, holding you. You miss the owlbear. The owlbear misses! The owlbear hits! You are being crushed. You miss the owlbear. The owlbear hits! The owlbear misses! You are being crushed. Your knowledge of this spell is twisted. It invokes nightmarish images in your mind... The owlbear hits! The owlbear hits again! You are being crushed. What do you want to use or apply? [cfjkostwxzT or ?*] c Nothing seems to happen. The owlbear misses! The owlbear misses! You are being crushed. You feel a bit steadier now. What do you want to use or apply? [cfjkostwxzT or ?*] c You feel less confused now. The owlbear misses! The owlbear hits! You are being crushed. What do you want to zap? [T or ?*] T In what direction? b The owlbear vanishes! You hear some noises in the distance. You see here a +0 orcish helm. The giant spider bites! The giant spider's bite was poisoned! The poison doesn't seem to affect you. You are beginning to feel hungry. Are you sure you want to pray? [yn] (n) y You begin praying to Hermes. The giant spider misses! The giant spider bites! The giant spider bites! You die... Do you want your possessions identified? [ynq] (y) y Do you want to see the dungeon overview? [ynq] (y) y Inventory: Armor h - an uncursed +1 helmet (being worn) g - an uncursed +1 pair of leather gloves (being worn) v - an uncursed +0 pair of high boots (being worn) q - an uncursed +0 dwarvish cloak (being worn) d - an uncursed +0 studded leather armor (being worn) Comestibles y - an uncursed apple n - 2 uncursed food rations p - an uncursed tripe ration i - an uncursed lizard corpse Wands T - an uncursed wand of teleportation (0:2) Tools f - an uncursed oilskin sack containing 35 items z - an uncursed leash w - an uncursed mirror k - an uncursed skeleton key s - an uncursed stethoscope x - an uncursed tallow candle o - an uncursed tin whistle t - an uncursed towel c - an uncursed +0 unicorn horn Gems/Stones E - 2 uncursed topaz stones l - an uncursed luckstone j - an uncursed touchstone Contents of the oilskin sack: 316 gold pieces an uncursed +0 elven leather helm a blessed +0 mummy wrapping an uncursed +0 mummy wrapping 5 uncursed food rations 2 uncursed lembas wafers an uncursed lizard corpse 2 uncursed scrolls of earth an uncursed scroll of identify a blessed scroll of light an uncursed scroll of remove curse an uncursed scroll of teleportation a cursed potion of invisibility an uncursed potion of object detection an uncursed potion of speed a potion of holy water an uncursed potion of water a potion of unholy water an uncursed ring of free action named !c a blessed +1 ring of gain constitution an uncursed +2 ring of increase accuracy named !c a cursed -1 ring of increase accuracy an uncursed ring of sustain ability an uncursed wand of cancellation (0:8) an uncursed wand of digging (0:8) an uncursed wand of digging (0:5) an uncursed wand of secret door detection (0:12) an uncursed wand of teleportation (0:5) an empty uncursed sack an uncursed +0 pick-axe an uncursed +0 unicorn horn an uncursed amethyst stone 2 uncursed diamonds 4 uncursed emeralds 3 uncursed rubies Spontiff the Healer's attributes: Background: You were an Empiric, a level 3 male gnomish Healer. You were neutral, on a mission for Hermes who was opposed by Athena (lawful) and Poseidon (chaotic). You were right-handed. You were in Sokoban, on level 3. You entered the dungeon 20214 turns ago. You had 46 experience points, 34 more were needed to attain level 4. Your score was 552 before end-of-game adjustments. Basics: You had 0 out of 65 hit points. You had 24 out of 28 energy points (spell power). Your armor class was -8. Your wallet was empty, but you had 316 zorkmids stashed away in your pack. Autopickup was on for '$!/="?' plus thrown, with exceptions. Final Characteristics: Your strength was 18 (limit:18/50). Your dexterity was 7 (peak:8, limit:18). Your constitution was 17 (limit:18). Your intelligence was 11 (limit:19). Your wisdom was 16 (limit:18). Your charisma was 15 (limit:18). Final Status: You were hungry. You were unencumbered. You were empty handed. You were unskilled in bare handed combat. Final Attributes: You were piously aligned. Your items were somewhat protected from fire. Your items were somewhat protected from cold. You were poison resistant. You were telepathic. You had infravision. You had a moderate defense bonus (+9). You were warded. You were lucky. You had extra luck. Bad luck did not time out for you. Good luck did not time out for you. You are dead. Miscellaneous: You encountered 1 bones level. Total elapsed playing time was 5 hours, 16 minutes and 16 seconds. Major events: Turn 1: spontiff the neutral male gnomish Healer entered the dungeon 1414: entered the Gnomish Mines 3435: reached Mine Town 7648: acquired the Mines' End luckstone 16567: entered Sokoban 16997: completed 1st Sokoban level 17777: completed 2nd Sokoban level 18147: attained the rank of Empiric (level 3) 18423: completed 3rd Sokoban level 19954: completed 4th Sokoban level 20214: killed by a giant spider, while praying Vanquished creatures: 2 giant mimics 5 small mimics a large dog 4 watchmen a chameleon a wolf 2 leprechauns an orc-captain 4 gnome rulers a dwarf mummy 5 lizards 2 dingoes a dog 2 jaguars a dwarf leader a white unicorn a gray unicorn a dust vortex a raven a gnome mummy 2 apes 4 human zombies 2 rope golems a Woodland-elf an imp 3 wood nymphs 2 water nymphs 2 mountain nymphs 3 Mordor orcs 4 Uruk-hai 4 orc shamans 7 rock piercers 3 rock moles a woodchuck 4 ponies 5 fog clouds 2 yellow lights 5 shriekers 8 gnome leaders 2 gnomish wizards a kobold mummy a gray ooze 6 elf zombies a ghoul 5 straw golems 3 paper golems 11 giant ants 2 little dogs 3 floating eyes 4 kittens 18 dwarves 5 homunculi 3 kobold leaders a kobold shaman 10 hill orcs 10 rothes 2 centipedes 4 giant bats 10 monkeys 4 orc zombies 2 dwarf zombies 2 wererats 5 werejackals 14 iguanas 8 killer bees 4 acid blobs 10 coyotes 9 gas spores 8 hobbits 5 manes 3 large kobolds 5 hobgoblins 8 giant rats 19 cave spiders 4 brown molds 9 yellow molds a red mold 24 gnomes 3 garter snakes 6 gnome zombies 15 geckos 33 jackals 8 foxes a kobold 10 goblins 10 sewer rats 20 grid bugs 4 bats 19 lichens 8 kobold zombies 26 newts 510 creatures vanquished. No species were genocided or became extinct. Voluntary challenges: You never hit with a wielded weapon. You read items or engraved 9 times. You engraved Elbereth 1 time. You never genocided any monsters. You never polymorphed an object. You used no wishes. You did not violate any of the special Sokoban rules. Achievements: You entered the Gnomish Mines. You entered Minetown. You entered a shop. You entered a temple. You completed the Gnomish Mines. You entered Sokoban. You attained the rank of Empiric. The Dungeons of Doom: levels 1 to 8 Level 1: "Stashlet" Level 2: A fountain, a sink. Level 3: A grave. Stairs down to The Gnomish Mines. Level 4: Level 5: "magic trap; book stashlet" A fountain. Level 6: "magic trap" Many fountains. Oracle of Delphi. Level 7: A fountain. Stairs up to Sokoban, level 6. Level 8: Final resting place for Ted-Kni-Hum-Mal-Law, killed by a dwarf king. The Gnomish Mines: levels 4 to 11 Level 4: Level 5: "magic trap" Level 6: "magic traps" Level 7: A shop, a temple and an altar to Hermes, some fountains, a sink. Level 8: Level 9: Level 10: "nymph has my shield" Level 11: Sokoban: levels 6 up to 3 Level 3: <- You were here. Solved. Final resting place for you, killed by a giant spider, while praying. Level 4: Solved. Level 5: Solved. Level 6: Solved. Game over: ---------- / \ / REST \ / IN \ / PEACE \ / \ | spontiff | | 316 Au | | killed by a | | giant spider | | | | | | 2024 | *| * * * | * _________)/\\_//(\/(/\)/\//\/|_)_______ Goodbye spontiff the Healer... You died in Sokoban on dungeon level 3 with 552 points, and 316 pieces of gold, after 20214 moves. You were level 3 with a maximum of 65 hit points when you died.